 Dungeon Crawl Stone Soup version 0.28-a0-1389-gc726bef33b (webtiles) character file.

Game seed: 1159441522436451218

169 flotson the Ducker (level 5, -3/37 (41) HPs)
             Began as a Demonspawn Gladiator on Jan 3, 2022.
             Slain by a wight (7 damage)
             ... on level 6 of the Dungeon.
             The game lasted 00:03:35 (2999 turns).

flotson the Ducker (Demonspawn Gladiator)           Turns: 2999, Time: 00:03:35

HP:   -3/37 (41)    AC:  7    Str: 16    XL:     5   Next: 25%
MP:   5/5           EV: 10    Int:  9    God:
Gold: 76            SH:  4    Dex: 15    Spells: 4/4 levels left

rFire   . . .      SeeInvis .   a - +3 spear
rCold   . . .      Faith    .   (no shield)
rNeg    . . .      Spirit   .   e - +0 scale mail
rPois   .          Reflect  .   c - +0 helmet
rElec   .          Harm     .   (no cloak)
rCorr   .          Rampage  .   (no gloves)
Will    .....                   (no boots)
Stlth   ..........              (no amulet)
HPRegen 0.12/turn               (no ring)
MPRegen 0.09/turn               (no ring)

@: drained
A: condensation shield, weakness stinger 1
a: no special abilities


You were on level 6 of the Dungeon.
You visited 1 branch of the dungeon, and saw 4 of its levels.

You collected 76 gold pieces.

Inventory:

Hand Weapons
 a - a +3 spear (weapon)
Missiles
 d - 3 throwing nets (quivered)
Armour
 c - a +0 helmet (worn)
 e - a +0 scale mail (worn)
Scrolls
 b - a scroll of noise {unknown}
 g - 2 scrolls of vulnerability {unknown}
 h - a scroll of identify {unknown}
 i - a scroll of amnesia {unknown}
 k - a scroll of teleportation {unknown}
 l - a scroll of magic mapping {unknown}
Potions
 f - 2 potions of flight {unknown}
 j - a potion of heal wounds
 m - a potion of might {unknown}


   Skills:
 + Level 3.0 Fighting
 + Level 1.5(2.4) Axes
 - Level 2.8(3.0) Maces & Flails
 + Level 2.7 Throwing
 + Level 1.8 Armour
 + Level 3.4 Dodging


You had 4 spell levels left.
You didn't know any spells.
Your spell library contained the following spells:

 Spells                   Type           Power      Damage    Failure   Level
 Animate Skeleton         Necr           0%         N/A       83%         1
 Pain                     Necr           0%         1d4       83%         1
 Vampiric Draining        Necr           0%         2d6       99%         3


Dungeon Overview and Level Annotations

Branches:
Dungeon (3/15)

Altars:


Innate Abilities, Weirdness & Mutations

A meltable shield of frost defends you. (SH +4)
You have a small tail.


Message History

A sourceless malevolence fills the Dungeon...
You fall into a shaft and drop 3 floors!
The shaft crumbles and collapses.
Found a scroll labelled ORHISO RAYFY.
A wight comes into view. It is wielding a +2 mace of protection.
You see here a scroll labelled ORHISO RAYFY.
You reach to attack!
You closely miss the wight. You closely miss the wight.
Your tail-slap misses the wight.
You block the wight's attack.
You hit the wight but do no damage.
You tail-slap the wight, but do no damage.
The wight barely misses you.
You barely miss the wight.
Your tail-slap misses the wight.
The wight hits you with a +2 mace of protection!
You feel drained.
You hit the wight but do no damage. The wight closely misses you.
You hit the wight but do no damage. The wight completely misses you.
You hit the wight but do no damage.
The wight hits you with a +2 mace of protection!
You feel drained.
You hit the wight.
The wight is lightly damaged.
The wight hits you with a +2 mace of protection!
* * * LOW HITPOINT WARNING * * *
You feel drained.
* * * LOW HITPOINT WARNING * * *
You are too injured to fight recklessly!
You are too injured to fight recklessly!
You hit the wight but do no damage.
The wight is lightly damaged.
The wight hits you with a +2 mace of protection.
* * * LOW HITPOINT WARNING * * *
You barely miss the wight.
You tail-slap the wight, but do no damage.
The wight is lightly damaged.
The wight misses you.
You hit the wight but do no damage.
The wight is lightly damaged.
The wight hits you with a +2 mace of protection!
You die...

######
#....#
#....#
#....#
#....#####
###....z...#
#.....@#
#.#....#
#....#
#....#
######


You could see a wight.

Vanquished Creatures
  Robin (D:2)
  7 gnolls
  2 adders (D:2)
  A worm (D:2)
  A dart slug (D:2)
  8 bats
  4 endoplasms
  15 goblins
  9 hobgoblins
  4 kobolds
  5 quokkas
  3 ball pythons
  A frilled lizard (D:1)
  2 rats
63 creatures vanquished.

Notes
Turn   | Place    | Note
-------+----------+-------------------------------------------
     0 | D:1      | flotson the Demonspawn Gladiator began the quest for the
                  | Orb.
     0 | D:1      | Reached XP level 1. HP: 16/16 MP: 1/1
   441 | D:1      | Gained mutation: A meltable shield of frost defends you.
                  | (SH +4) [demonic ancestry]
   441 | D:1      | Reached XP level 2. HP: 20/22 MP: 2/2
  1359 | D:2      | Noticed Robin
  1366 | D:1      | Gained mutation: You have a small tail. [demonic ancestry]
  1366 | D:1      | Reached XP level 3. HP: 24/28 MP: 3/3
  1431 | D:2      | Reached skill level 1 in Armour
  1881 | D:2      | Reached XP level 4. HP: 33/34 MP: 4/4
  1905 | D:2      | Reached skill level 1 in Axes
  2046 | D:2      | Killed Robin
  2475 | D:1      | Reached XP level 5. HP: 23/40 MP: 5/5
  2986 | D:3      | You fall into a shaft and drop 3 floors!
  2999 | D:6      | Slain by a wight

Illustrated notes

Levels and vault maps discovered:
D:1:      lemuel_arrival_river_bridge, layout_basic
D:2:      layout_loops_ring, serial_glass, glass_columns_c, glass_columns_b,
          glass_columns_a, glass_columns_a, glass_columns_a, glass_columns_b,
          glass_columns_c, glass_columns_a, nrook_uturn, uniq_robin
D:3:      layout_loops_ring, uniq_grinder, uniq_terence
D:6:      layout_rooms, ebering_ghost_xom, uniq_duvessa

Skill      XL: |  1  2  3  4  5 |
---------------+----------------+-----
Throwing       | 2 |  2.7
Armour         | 1 |  1.8
Dodging        | 3 |  3.4
Axes           | 1 |  1.5
Fighting       | 3 |  3.0
Maces & Flails | |  2.8

Action                   |  1- 3 |  4- 6 || total
-------------------------+-------+-------++-------
Melee: Flail             |    45 |       ||    45
       Spear             |    87 |    95 ||   182
       Tailslap          |     1 |    10 ||    11
 Stab: Sleeping          |     1 |       ||     1
Armor: Scale mail        |    42 |    21 ||    63
       Leather armour    |     2 |       ||     2
Dodge: Dodged            |    69 |    52 ||   121
Block: Other             |    15 |    17 ||    32

Table legend: (Time is in decaauts)
 A = Elapsed time spent in this place.
 B = Non-inter-level travel time spent in this place.
 C = Inter-level travel time spent in this place.
 D = Time resting spent in this place.
 E = Time spent auto-exploring this place.
 F = Levels seen in this place.
 G = Mean time per level.
                   A        B        C        D        E       F      G
               +--------+--------+--------+--------+--------+-----+--------+
         Total |   3037 |   2980 |     57 |    622 |   1806 |   4 |  759.2 |
       Dungeon |   3037 |   2980 |     57 |    622 |   1806 |   4 |  759.2 |
               +--------+--------+--------+--------+--------+-----+--------+

Top non-repeatable levels by time:
     D:1: 1938 daAuts
     D:2: 1028 daAuts
     D:3: 58 daAuts
     D:6: 13 daAuts
